 Dungeon Crawl Stone Soup version 0.19-a0-160-gd53b84c (webtiles) character file.

1885 MrRokkomies the Arsonist (level 9, -2/51 HPs)
             Began as an Octopode Fire Elementalist on May 4, 2016.
             Was an Initiate of Gozag.
             Slain by a hippogriff (shapeshifter) (4 damage)
             ... on level 7 of the Dungeon on May 21, 2016.
             The game lasted 00:51:47 (5589 turns).

MrRokkomies the Arsonist (OpFE)                     Turns: 5589, Time: 00:51:53

Health: -2/51      AC:  6    Str:  5 (7)  XL:     9   Next: 14%
Magic:  8/12       EV: 12    Int: 17 (20) God:    Gozag
Gold:   530        SH:  7    Dex: 11 (13) Spells: 3 memorised, 4 levels left

rFire  . . .     SeeInvis .     a - +2 flail (protect)
rCold  . . .     Gourm    .     n - +0 buckler
rNeg   . . .     Faith    .     (helmet restricted)
rPois  .         Spirit   .     r - +2 amulet of reflection
rElec  .         Dismiss  .     j - ring of protection from magic
rCorr  .         Reflect  +     (no ring)
SustAt .         Harm     .     (no ring)
MR     +....                    (no ring)
Stlth  ++++......               (no ring)
                                (no ring)
                                (no ring)
                                (no ring)

@: somewhat resistant to hostile enchantments, stealthy
A: almost no armour, amphibious, 8 rings, constrict 8, camouflage 1, gelatinous
body 1
a: Potion Petition, Call Merchant, Bribe Branch, Renounce Religion


You were on level 7 of the Dungeon.
You worshipped Gozag.
Gozag was noncommittal.
You were not hungry.

You visited 1 branch of the dungeon, and saw 7 of its levels.

You collected 613 gold pieces.
You paid 83 gold pieces to Gozag.

Inventory:

Hand Weapons
 a - a +2 flail of protection (weapon)
 b - the +5 hunting sling of the Unseen Realm {flame, Dex+5}
   (You found it on level 6 of the Dungeon)

   It causes projectiles fired from it to burn those they strike, causing extra
   injury to most foes and up to half again as much damage against particularly
   susceptible opponents.
   It affects your dexterity (+5).
Missiles
 d - 2 throwing nets
 o - 5 javelins (quivered)
Armour
 n - a +0 buckler (worn)
Jewellery
 j - a ring of protection from magic (left tentacle)
 r - a +2 amulet of reflection (around mantle)
Wands
 f - a wand of polymorph (4/24)
 l - a wand of iceblast (6/15)
 q - a wand of confusion (24/48)
Scrolls
 g - a scroll of teleportation
 h - a scroll of enchant weapon
 p - a scroll of remove curse
Potions
 e - a potion of magic
 i - 4 potions of might
 m - a potion of degeneration
Books
 c - a book of Flames

   Spells                             Type                      Level
   a - Flame Tongue                   Conjuration/Fire             1
   b - Throw Flame                    Conjuration/Fire             2
   c - Conjure Flame                  Conjuration/Fire             3
   d - Inner Flame                    Hexes/Fire                   3
   e - Sticky Flame                   Conjuration/Fire             4
   f - Fireball                       Conjuration/Fire             5
Comestibles
 k - a meat ration
 s - 4 bread rations


   Skills:
 - Level 2.0 Dodging
 - Level 5.0 Stealth
 - Level 5.0 Shields
 - Level 2.0 Spellcasting
 * Level 6.2 Conjurations
 * Level 8.3 Fire Magic


You had 4 spell levels left.
You knew the following spells:

 Your Spells              Type           Power        Failure   Level  Hunger
a - Flame Tongue          Conj/Fire      ####.        1%          1    #......
b - Conjure Flame         Conj/Fire      ####....     3%          3    ###....
c - Sticky Flame          Conj/Fire      ####....     12%         4    #####..


Dungeon Overview and Level Annotations

Branches:
Dungeon (7/15)
 Temple: D:4-7

Altars:
Fedhas
Gozag
Makhleb
Trog

Annotations:
D:5 Cirk's ghost, amateur DsGl


Innate Abilities, Weirdness & Mutations

You cannot wear most types of armour.
You are amphibious.
You can wear up to eight rings at the same time.
You can use your tentacles to constrict eight enemies at once.
Your skin changes colour to match your surroundings (Stealth).
Your rubbery body absorbs attacks (AC +1).


Message History

The hippogriff burns!
The hippogriff closely misses you. The hippogriff pecks you.
* * * LOW HITPOINT WARNING * * *
The hippogriff misses you.
You hit the hippogriff.
The hippogriff is heavily wounded.
The hippogriff burns!
The hippogriff misses you.
The hippogriff pecks you but does no damage.
The hippogriff claws you.
* * * LOW HITPOINT WARNING * * *
The hound stops to sniff the ground.
Drink which item? (? for menu, Esc to quit)
It was a potion of degeneration.
There was something very wrong with that liquid.
You feel weakened.
You feel dopey.
You feel clumsy.
The hippogriff burns!
The hippogriff stops burning.
The hippogriff bites you!
* * * LOW HITPOINT WARNING * * *
The hippogriff barely misses you. The hippogriff claws you.
You die...
Your body crumbles into a pile of gold.

#.# #.# #.# #.#
#.# #.# #.# #@#
#H### ##h#.##
##(oo..# $
#..#o#hoo..(.
####..(.##o.##..
#.....### ###
#.....# ###
#.....# #.#


You could see a hippogriff shaped shifter, a hound and 3 orcs.

Vanquished Creatures
  Eustachio (D:6)
  Sigmund (D:6)
  A hungry ghost (D:6)
  A sky beast (D:6)
  A black bear (D:6)
  5 ogres
  A phantom (D:4)
  A centaur (D:7)
  A scorpion (D:6)
  A howler monkey (D:6)
  3 hounds
  A jelly (D:5)
  A gnoll shaman (D:7)
  2 orc wizards (D:4)
  A giant frog skeleton (D:6)
  Natasha (thrice) (D:3)
  3 worker ants
  A hound skeleton (D:4)
  8 gnolls
  4 adders
  An adder skeleton (D:6)
  An adder zombie (D:7)
  A worm (D:3)
  4 dart slugs
  7 giant geckos
  8 orcs
  6 giant cockroaches
  11 goblins
  7 jackals
  5 kobolds
  2 quokkas
  8 bats
  2 giant newts (D:1)
  5 rats
109 creatures vanquished.

Notes
Turn   | Place    | Note
--------------------------------------------------------------
     0 | D:1      | MrRokkomies the Octopode Fire Elementalist began the quest for the Orb.
     0 | D:1      | Reached XP level 1. HP: 11/11 MP: 3/3
   330 | D:1      | Reached XP level 2. HP: 17/17 MP: 5/5
  1111 | D:2      | Reached XP level 3. HP: 21/21 MP: 6/6
  1119 | D:2      | Learned a level 3 spell: Conjure Flame
  1712 | D:3      | Reached XP level 4. HP: 25/27 MP: 7/7
  1757 | D:3      | Noticed Natasha
  1776 | D:3      | Upgraded the game from 0.19-a0-36-g4a0968a to 0.19-a0-45-g2c295ea
  1776 | D:3      | Upgraded the game from 0.19-a0-45-g2c295ea to 0.19-a0-76-g295c512
  1782 | D:3      | Killed Natasha
  1988 | D:3      | Noticed Natasha
  1991 | D:3      | Reached skill level 4 in Fire Magic
  2028 | D:3      | Found an opulent altar of Gozag.
  2061 | D:3      | Killed Natasha
  2061 | D:3      | Reached XP level 5. HP: 31/31 MP: 4/8
  2556 | D:3      | Noticed Natasha
  2637 | D:3      | Killed Natasha
  2878 | D:3      | Found a blossoming altar of Fedhas.
  2957 | D:4      | Reached XP level 6. HP: 29/36 MP: 9/9
  3019 | D:4      | Learned a level 4 spell: Sticky Flame
  3298 | D:4      | Upgraded the game from 0.19-a0-76-g295c512 to 0.19-a0-79-gc4d165e
  3316 | D:4      | Reached skill level 5 in Fire Magic
  3323 | D:4      | Noticed a phantom
  3342 | D:4      | Killed a phantom
  3342 | D:4      | Reached skill level 5 in Stealth
  3581 | D:4      | Reached XP level 7. HP: 41/41 MP: 2/10
  4044 | D:3      | Became a worshipper of Gozag Ym Sagoz the Greedy
  4070 | D:5      | Entered Level 5 of the Dungeon
  4180 | D:5      | Reached skill level 1 in Shields
  4182 | D:5      | Reached skill level 5 in Conjurations
  4254 | D:5      | Found a burning altar of Makhleb.
  4272 | D:5      | Noticed Cirk's ghost (amateur DsGl)
  4280 | D:6      | Noticed Sigmund
  4288 | D:6      | Upgraded the game from 0.19-a0-79-gc4d165e to 0.19-a0-147-g6f47703
  4288 | D:6      | Killed Sigmund
  4288 | D:6      | Reached skill level 6 in Fire Magic
  4354 | D:6      | Reached XP level 8. HP: 28/46 MP: 9/11
  4379 | D:6      | Found a bloodstained altar of Trog.
  4432 | D:6      | HP: 2/46 [ogre/giant club (28)]
  4548 | D:6      | Noticed Eustachio
  4592 | D:6      | Reached skill level 7 in Fire Magic
  4611 | D:6      | Killed Eustachio
  4795 | D:6      | Got an ebony hunting sling
  4797 | D:6      | Identified the +5 hunting sling of the Unseen Realm {flame, Dex+5} (You found it on level 6 of the Dungeon)
  4817 | D:6      | Reached skill level 5 in Shields
  5343 | D:6      | Reached skill level 8 in Fire Magic
  5343 | D:6      | Reached XP level 9. HP: 51/51 MP: 7/12
  5582 | D:7      | Upgraded the game from 0.19-a0-147-g6f47703 to 0.19-a0-160-gd53b84c
  5589 | D:7      | HP: 2/51 [hippogriff (shapeshifter) (7)]
  5589 | D:7      | Slain by a hippogriff (shapeshifter)

Vault maps used:
D:1:      sevenhm_arrival_forest_fort_large_1
D:2:      first_bread
D:3:      nicolae_overflow_hidden_temple, fountainhead, grunt_ministairs_9,
          fedhas_altar_2, uniq_natasha
D:5:      makhleb_heckhound_becter, slow_altar_2, grunt_temple_overflow_open,
          temple_fountains, minmay_item_behind_shaft, uniq_edmund
D:6:      bloody_trog, uniq_eustachio, uniq_sigmund
D:7:      lemuel_coloured_pillars_altar, grunt_livestock, lightli_orcish_oven,
          uniq_menkaure

Skill      XL: |  1  2  3  4  5  6  7  8  9 |
---------------+----------------------------+-----
Stealth        | 3 4 5 |  5.0
Conjurations   | 2 3 4 5 6 |  6.2
Fire Magic     | 4 5 6 8 |  8.3
Shields        | 3 5 |  5.0
Dodging        | |  2.0
Spellcasting   | |  2.0

Action                   |  1- 3 |  4- 6 |  7- 9 || total
-------------------------+-------+-------+-------++-------
Melee: Dagger            |    84 |       |       ||    84
       Constrict         |    21 |    23 |    23 ||    67
       Tentacles         |     8 |    15 |    16 ||    39
       Rapier            |       |    13 |       ||    13
       Flail             |       |    68 |    98 ||   166
Throw: Javelin           |       |       |     1 ||     1
 Cast: Flame Tongue      |     5 |    19 |    29 ||    53
       Conjure Flame     |       |     2 |     1 ||     3
       Sticky Flame      |       |     2 |     3 ||     5
Invok: Potion Petition   |       |       |     1 ||     1
Evoke: Wand              |       |       |     3 ||     3
  Use: Potion            |     1 |     2 |     1 ||     4
       Scroll            |     6 |     2 |     2 ||    10
 Stab: Sleeping          |    11 |     5 |     9 ||    25
       Distracted        |       |       |     1 ||     1
  Eat: Chunk             |     2 |    14 |       ||    16
       Meat ration       |       |       |     1 ||     1
Armor: Skin              |    15 |    22 |    42 ||    79
Dodge: Dodged            |    51 |    59 |    77 ||   187
Block: Buckler           |       |       |    43 ||    43
